 Dungeon Crawl Stone Soup version 0.23-a0-644-gb60d84b (webtiles) character file.

112 zishaf the Ducker (level 4, -2/42 HPs)
             Began as a Deep Dwarf Monk on Jan 1, 2019.
             Succumbed to a kobold's poison
             ... on level 3 of the Dungeon.
             The game lasted 00:03:33 (1289 turns).

zishaf the Ducker (Deep Dwarf Monk)                 Turns: 1289, Time: 00:03:33

Health: -2/42      AC:  9    Str: 16    XL:     4   Next: 63%
Magic:  4/4        EV:  8    Int: 10    God:
Gold:   95         SH:  0    Dex: 15    Spells: 3/3 levels left

rFire    . . .     SeeInvis .   a - +0 hand axe
rCold    . . .     Gourm    .   (no shield)
rNeg     . . .     Faith    +   e - +1 chain mail
rPois    .         Spirit   .   (no helmet)
rElec    .         Reflect  .   (no cloak)
rCorr    .         Harm     .   (no gloves)
MR       .....                  (no boots)
Stlth    ..........             o - amulet of faith
HPRegen  0.00/turn              (no ring)
MPRegen  0.09/turn              (no ring)

@: lethally poisoned (-2 -> -15), non-regenerating, drained
A: damage resistance, heal wounds, sense surroundings 1, no regeneration
a: Heal Wounds


You were on level 3 of the Dungeon.
You were not hungry.

You visited 1 branch of the dungeon, and saw 3 of its levels.

You collected 95 gold pieces.

Inventory:

Hand Weapons
 a - a +0 hand axe (weapon)
 b - a +0 hunting sling
Armour
 e - a +1 chain mail (worn)
 f - a +0 robe
Jewellery
 o - an amulet of faith (around neck)
Wands
 r - a wand of iceblast (3)
Scrolls
 d - 2 scrolls of remove curse
 g - a scroll of amnesia {unknown}
 h - 3 scrolls of enchant armour
 i - a scroll of blinking {unknown}
 j - 3 scrolls of random uselessness {unknown}
 k - 2 scrolls of teleportation {unknown}
 q - 2 scrolls of identify {unknown}
Potions
 l - 2 potions of flight {unknown}
 n - a potion of heal wounds {unknown}
Comestibles
 c - 5 rations
 p - 4 chunks of flesh


   Skills:
 + Level 3.3 Fighting
 + Level 4.1(4.0) Axes
 + Level 2.2(2.1) Armour
 + Level 4.1 Dodging
 - Level 2.4 Stealth


You had 3 spell levels left.
You didn't know any spells.
Your spell library was empty.

Dungeon Overview and Level Annotations

Branches:
Dungeon (3/15)

Altars:
Ru


Innate Abilities, Weirdness & Mutations

You are resistant to damage.
You can heal yourself by infusing magical energy.
You passively map a small area around you.
You do not regenerate.


Message History

You are lethally poisoned!
You hit the worm.
The worm is severely wounded.
* * * LOW HITPOINT WARNING * * *
You feel very sick.
The kobold shoots a poisoned needle.
The poisoned needle closely misses you.
You hit the worm but do no damage.
The worm is severely wounded.
* * * LOW HITPOINT WARNING * * *
You feel very sick. The worm bites you!
* * * LOW HITPOINT WARNING * * *
Your chain mail prevents you from hitting the worm.
The worm is severely wounded.
* * * LOW HITPOINT WARNING * * *
You feel very sick. The worm barely misses you.
You hit the worm but do no damage.
The worm is severely wounded.
You die...

#.......!.
#.........
#..(...... *
#......K..* ,
#......... * ##
#.....?... .*
... #.(.......
.#* * #.##
#(w....... ..*
*
...##.@.......
#.
##.#..........*
#.##
#............#
#..#
#.#...#.....##
##.#* #
##..#######
<..# ** , #.รท#
#...# * , *#..#
* * ##....# *
#..# #......#
#..#### , ,


You could see a worm and a kobold.

Vanquished Creatures
  Crazy Yiuf (D:2)
  A worker ant (D:2)
  An adder (D:2)
  An ooze (D:3)
  A dart slug (D:2)
  4 leopard geckos
  3 bats
  2 giant cockroaches
  3 goblins
  6 hobgoblins
  4 jackals (D:3)
  A quokka (D:2)
  A ball python (D:2)
  4 frilled lizards
  4 kobolds
  6 rats
43 creatures vanquished.

Notes
Turn   | Place    | Note
-------+----------+-------------------------------------------
     0 | D:1      | zishaf the Deep Dwarf Monk began the quest for the Orb.
     0 | D:1      | Reached XP level 1. HP: 20/20 MP: 1/1
   145 | D:1      | Reached XP level 2. HP: 18/27 MP: 2/2
   432 | D:2      | Reached skill level 1 in Armour
   504 | D:2      | Reached XP level 3. HP: 18/34 MP: 3/3
   670 | D:2      | HP: 1/34 [worker ant (3)]
   731 | D:2      | Found a sacrificial altar of Ru.
   884 | D:2      | Reached XP level 4. HP: 24/42 MP: 4/4
   897 | D:2      | Found a runed door.
  1049 | D:2      | Noticed Crazy Yiuf
  1056 | D:2      | Killed Crazy Yiuf
  1288 | D:3      | HP: 1/42 [poisoned by a kobold]
  1289 | D:3      | Succumbed to a kobold's poison

Vault maps used:
D:1:      dpeg_arrival_simpleton_c
D:2:      first_ration, nicolae_ru_awakened_eye, uniq_crazy_yiuf_cottage

Skill      XL: |  1  2  3  4 |
---------------+-------------+-----
Armour         | 1 2 |  2.2
Fighting       | 3 |  3.3
Axes           | 4 |  4.1
Dodging        | 4 |  4.1
Stealth        | |  2.4

Action                   |  1- 3 |  4- 6 || total
-------------------------+-------+-------++-------
Melee: Hand axe          |   148 |    45 ||   193
 Fire: Hunting sling     |       |     6 ||     6
 Abil: Heal Wounds       |     1 |     2 ||     3
  Use: Scroll            |       |     2 ||     2
  Eat: Chunk             |       |     2 ||     2
Armor: Chain mail        |   116 |    24 ||   140
       Robe              |     6 |       ||     6
Dodge: Dodged            |    72 |    26 ||    98

Table legend:
 A = Non-vault XP
 B = Vault XP
 C = Vault XP percentage of total XP
 D = Non-vault monster count
 E = Vault monster count
 F = Vault count percentage of total count
                 A         B        C        D         E       F
            +---------+---------+-------+---------+---------+-------
      Total |     120 |      40 |  25.0 |      42 |       1 |   2.3
            +---------+---------+-------+---------+---------+-------
        D:1 |      20 |       0 |   0.0 |      12 |       0 |   0.0
        D:2 |      77 |      40 |  34.2 |      19 |       1 |   5.0
        D:3 |      23 |       0 |   0.0 |      11 |       0 |   0.0
            +---------+---------+-------+---------+---------+-------
